 Dungeon Crawl Stone Soup version 0.31-a0-986-g5e6e4ef867 (webtiles) character file.

Game seed: 17468320746324445662

58 Lobster4 the Shooter (level 3, -1/31 HPs)
             Began as a Minotaur Hunter on Nov 16, 2023.
             Killed from afar by Sigmund (11 damage)
             ... with a magic dart
             ... on level 2 of the Dungeon.
             The game lasted 00:05:00 (1711 turns).

Lobster4 the Shooter (Minotaur Hunter)              Turns: 1711, Time: 00:05:01

Health: -1/31      AC:  3    Str: 15    XL:     3   Next: 76%
Magic:  2/2        EV: 12    Int:  6    God:
Gold:   165        SH:  0    Dex: 15    Spells: 2/2 levels left

rFire   . . .        a - +0 shortbow
rCold   . . .        (shield currently unavailable)
rNeg    . . .        c - +0 leather armour
rPois   .            (helmet restricted)
rElec   .            (no cloak)
rCorr   .            (no gloves)
SInv    .            (no boots)
Will    .....        (no amulet)
Stlth   +            (no ring)
HPRegen 0.25/turn    (no ring)
MPRegen 0.08/turn

%: no passive effects
@: no status effects
A: horns 2, retaliatory headbutt
a: no special abilities


You were on level 2 of the Dungeon.
You visited 1 branch of the dungeon, and saw 3 of its levels.

You collected 165 gold pieces.

Inventory:

Hand Weapons
 a - a +0 shortbow (weapon)
 d - a +0 spear
 g - a +0 short sword
 m - a +0 hand axe
Armour
 c - a +0 leather armour (worn)
Jewellery
 p - a ring of protection from cold
Scrolls
 b - a scroll of butterflies
 h - a scroll of blinking {unknown}
 i - 2 scrolls of amnesia {unknown}
 j - a scroll of enchant armour {unknown}
 k - 2 scrolls of teleportation {unknown}
 n - 3 scrolls of immolation {unknown}
 o - 2 scrolls of noise {unknown}
 s - a scroll of identify {unknown}
Potions
 f - a potion of ambrosia {unknown}
 l - 4 potions of heal wounds {unknown}
 q - a potion of degeneration {unknown}
 r - a potion of experience {unknown}


   Skills:
 + Level 3.1 Fighting
 * Level 5.0 Ranged Weapons
 + Level 1.7 Armour
 + Level 2.7 Dodging
 - Level 1.0 Stealth


You had 2 spell levels left.
You didn't know any spells.
Your spell library contained the following spells:

 Spells                   Type           Power      Damage    Failure   Level
 Sting                    Tmut/Pois      0%         1d3       52%         1
 Ensorcelled Hibernation  Hex/Ice        0%         N/A       67%         2
 Jinxbite                 Hex            0%         N/A       67%         2
 Poisonous Vapours        Pois/Air       0%         N/A       67%         2
 Anguish                  Hex/Necr       0%         N/A       99%         4
 Olgreb's Toxic Radiance  Pois           0%         N/A       99%         4


Dungeon Overview and Level Annotations

Branches:
Dungeon (3/15)

Altars:

Annotations:
D:2 Sigmund
D:3 Grinder, Ijyb


Innate Abilities, Weirdness & Mutations

You have a pair of horns on your head.
You reflexively headbutt those who attack you in melee.


Message History

There is a stone staircase leading down here.
You climb downwards.
Level annotation: Ijyb, Sigmund Grinder shouts!
The adder hisses angrily.
Found a glowing buckler, a dented bone amulet and 24 gold pieces.
There is a stone staircase leading up here.
The air fills with toxic fumes!
As you read the scroll labelled LURAWOZIGG, it crumbles to dust.
It was a scroll of poison.
Grinder gestures at you.
You suddenly lose the ability to move!
You can move again.
Unknown command.
Press: ? - help, v - describe, . - travel
Here: Grinder, carrying a wand of flame (poison gas)
The floor.
Okay, then.
Unknown command.
You shoot an arrow. The arrow closely misses Grinder.
You climb upwards.
There is a stone staircase leading down here.
There is a stone staircase leading down here.
You climb downwards.
Level annotation: Grinder, Ijyb, Sigmund Sigmund hits you with a +0 scythe!
There is a stone staircase leading up here.
Okay, then.
Sigmund hits you with a +0 scythe!
You climb upwards.
There is a stone staircase leading down here.
Sigmund hits you from afar with a +0 scythe.
Sigmund attacks as he pursues you! Sigmund closely misses you.
You enter a teleport trap!
The teleport trap disappears.
Your surroundings seem slightly different.
Sigmund points at you and mumbles some strange words.
The magic dart hits you. Sigmund gestures at you while chanting.
The magic dart hits you!
You die...
Sigmund begins carving another notch in his scythe.

#.#...#.##.##.>.......#
#.#......#....@.......#
#.###.######........).#
#.#.......##..........#
#.#.#.....##..........#
#.#.###.#.##..........#
#.#.#<..#.##..........#
#.........##..........#
###.......##@##########
#.......##.#
##......##.#
#......##.# #......##.#
######..(.# ######


You could see Sigmund.

Vanquished Creatures
  2 adders (D:2)
  A worm (D:2)
  A dart slug (D:1)
  5 ball pythons
  2 endoplasms (D:1)
  3 giant cockroaches
  2 goblins (D:1)
  3 hobgoblins
  2 jackals (D:3)
  A quokka (D:3)
  6 bats
  4 kobolds
  3 rats
35 creatures vanquished.

Notes
Turn   | Place    | Note
-------+----------+-------------------------------------------
     0 | D:1      | Lobster4 the Minotaur Hunter began the quest for the Orb.
     0 | D:1      | Reached XP level 1. HP: 18/18 MP: 0/0
    73 | D:1      | Reached skill level 1 in Stealth
   106 | D:1      | Reached XP level 2. HP: 25/25 MP: 1/1
   513 | D:1      | Found a faded altar of an unknown god.
   736 | D:2      | Reached skill level 1 in Armour
   810 | D:2      | Reached XP level 3. HP: 20/30 MP: 2/2
  1290 | D:2      | Reached skill level 5 in Ranged Weapons
  1457 | D:3      | Noticed Ijyb
  1578 | D:3      | Noticed Sigmund
  1649 | D:3      | Noticed Grinder
  1650 | D:3      | Paralysed by Grinder for 3 turns
  1711 | D:2      | Killed from afar by Sigmund

Illustrated notes

Levels and vault maps discovered:
D:1:      heliophobic_arrival_henge, layout_loops_ring,
          hellmonk_ecumenical_altar_defaced_shrine, feat_on_display
D:2:      layout_basic
D:3:      layout_loops_ring, uniq_sigmund, uniq_ijyb, uniq_grinder,
          uniq_jessica, uniq_crazy_yiuf_cottage

Skill      XL: |  1  2  3 |
---------------+----------+-----
Stealth        | 1 |  1.0
Armour         | 1 |  1.7
Fighting       | 3 |  3.1
Ranged Weapons | 5 |  5.0
Dodging        | |  2.7

Action                     || total
---------------------------++-------
   Fire: Shortbow          ||   107
    Use: Scroll            ||     1
 Armour: Leather armour    ||    22
  Dodge: Dodged            ||    22

Table legend: (Time is in decaauts)
 A = Elapsed time spent in this place.
 B = Non-inter-level travel time spent in this place.
 C = Inter-level travel time spent in this place.
 D = Time resting spent in this place.
 E = Time spent auto-exploring this place.
 F = Levels seen in this place.
 G = Mean time per level.
                   A        B        C        D        E       F      G
               +--------+--------+--------+--------+--------+-----+--------+
         Total |   1733 |   1567 |    166 |      2 |   1275 |   3 |  577.7 |
       Dungeon |   1733 |   1567 |    166 |      2 |   1275 |   3 |  577.7 |
               +--------+--------+--------+--------+--------+-----+--------+

Top non-repeatable levels by time:
     D:2: 835 daAuts
     D:1: 728 daAuts
     D:3: 169 daAuts
